 Dungeon Crawl Stone Soup version 0.17-a0-764-gd40c196 (webtiles) character file.

16 Noshyer the Magician (level 2, -1/19 HPs)
             Began as a Formicid Wizard on Apr 23, 2015.
             Slain by an adder (5 damage)
             ... on level 2 of the Dungeon.
             The game lasted 00:07:04 (1194 turns).

Noshyer the Magician (Formicid Wizard)              Turns: 1194, Time: 00:07:04

Health: -1/19      AC:  2    Str: 13    XL:     2   Next: 70%
Magic:  0/6        EV: 12    Int: 17    God:
Gold:   23         SH:  0    Dex:  9    Spells: 3 memorised, 3 levels left

rFire  x . .     SeeInvis +     i - +0 dagger (speed)
rCold  + . .     Clarity  .     b - +0 robe
rNeg   . . .     SustAb   .     (no shield)
rPois  .         Gourm    .     (helmet unavailable)
rElec  .         Spirit   .     (no cloak)
rCorr  .         Warding  .     (no gloves)
rMut   .         Stasis   +     (no boots)
MR     .....                    (no amulet)
Stlth  ++........               l - ring of ice
                                g - +2 ring of strength

@: very slightly contaminated, not resistant to hostile enchantments, unstealthy
A: permanent stasis, dig shafts and tunnels, four strong arms, antennae 3
a: Dig, Shaft Self


You were on level 2 of the Dungeon.
You were not hungry.

You visited 1 branch of the dungeon, and saw 2 of its levels.

You collected 23 gold pieces.

Inventory:

Hand weapons
 i - a +0 dagger of speed (weapon)
Armour
 a - a +0 robe
 b - a +0 robe (worn)
Jewellery
 g - a +2 ring of strength (left hand)
 l - a ring of ice (right hand)
Scrolls
 e - a scroll of amnesia {unknown}
 h - a scroll of noise {unknown}
 j - a scroll of immolation {unknown}
 k - a scroll of enchant armour {unknown}
Potions
 f - a potion of cancellation {unknown}
 m - a potion of curing {unknown}
 n - 2 potions of poison {unknown}
Books
 c - a book of Minor Magic

   Spells                             Type                      Level
   a - Magic Dart                     Conjuration                  1
   b - Blink                          Translocation                2
   c - Call Imp                       Summoning                    2
   d - Repel Missiles                 Charms/Air                   2
   e - Slow                           Hexes                        2
   f - Conjure Flame                  Conjuration/Fire             3
   g - Mephitic Cloud                 Conjuration/Poison/Air       3
Comestibles
 d - a bread ration


   Skills:
 - Level 1.7 Dodging
 - Level 2.4 Stealth
 * Level 3.6 Spellcasting
 + Level 1.6 Conjurations
 + Level 0.2 Charms
   Level 1.0 Summonings
   Level 0.8 Translocations


You had 3 spell levels left.
You knew the following spells:

 Your Spells              Type           Power        Failure   Level  Hunger
a - Magic Dart            Conj           #...         10%         1    None
b - Repel Missiles        Chrm/Air       #.....       24%         2    ##.....
c - Slow                  Hex            #.......     30%         2    ##.....


Dungeon Overview and Level Annotations

Branches:
Dungeon (2/15)

Altars:


Innate Abilities, Weirdness & Mutations

You are under a permanent stasis effect.
You can dig through walls and to a lower floor.
Your four strong arms can wield two-handed weapons with a shield.
You have a pair of large antennae on your head (SInv).


Message History

The adder is no longer moving slowly.
You feel sick. The adder bites you but does no damage.
Your magical contamination has completely faded away.
The adder bites you.
* * * LOW HITPOINT WARNING * * *
You feel sick.
You see here a bat skeleton.
The adder bites you but does no damage.
You feel sick.
You are no longer poisoned.
The adder closely misses you.
Casting: Slow
Confirm with . or Enter, or press ? or * to list all spells.
Aiming: Slow
Press: ? - help, Shift-Dir - straight line, f/p - adder
Aim: an adder (chance 45%)
You miscast Slow.
You are very lightly contaminated with residual magic.
Your skin glows momentarily.
The adder bites you.
You die...

.# #.# #.# . ######.#
#.# #%##. .......# #.#
#... .....## #.# #..#
###...#####.# #..#
............# #..#
##.....####.###<.#
#.###.###..(###.# ...#
#..#.....##@#
.#.###..รท......S.#
.#......<......#........
###.###.......########
... ##.....## ###
##...## ##.## ..# ####


You could see an adder.

Vanquished Creatures
  3 bats
  2 hobgoblins (D:1)
  4 kobolds (D:1)
  2 giant cockroaches (D:1)
  A giant newt (D:1)
  A goblin (D:1)
  3 rats (D:1)
16 creatures vanquished.

Notes
Turn   | Place    | Note
--------------------------------------------------------------
     0 | D:1      | Noshyer, the Formicid Wizard, began the quest for the Orb.
     0 | D:1      | Reached XP level 1. HP: 13/13 MP: 4/4
    42 | D:1      | Reached skill level 1 in Conjurations
   433 | D:1      | Reached XP level 2. HP: 16/19 MP: 0/6
   671 | D:1      | Learned a level 2 spell: Repel Missiles
   680 | D:1      | Learned a level 2 spell: Slow
  1194 | D:2      | Slain by an adder

Action                   || total
-------------------------++-------
Melee: Unarmed           ||    26
       Dagger            ||     8
 Cast: Magic Dart        ||    45
       Slow              ||     2
 Abil: Dig               ||     1
  Eat: Chunk             ||     1
